[Event "Titled Tuesday Blitz March 21 Early 2023"]
[White "Richter, Nils"]
[Black "Nazari, Arad"]
[WhiteFideId "12990809"]
[BlackFideId "12577324"]
[WhiteElo "2381"]
[BlackElo "2313"]
[Result "0-1"]
[Round "06"]
[TimeControl "180+2"]
[Date "2023.03.21"]
[WhiteClock "0:00:33"]
[BlackClock "0:00:24"]

1. e4 e6 2. d4 d5 3. Nd2 Be7 4. Ngf3 Nf6 5. e5 Nfd7 6. c3 c5 7. Bd3 Nc6 8. O-O g5 9. Kh1 g4 10. Ng1 cxd4 11. cxd4 Nxd4 12. Qxg4 Nc6 13. Qg7 Rf8 14. f4 Nc5 15. Bxh7 Bd7 16. Ndf3 Qc7 17. Be3 O-O-O 18. Rac1 Qa5 19. a3 Ne4 20. b4 Qxa3 21. Bc5 Bxc5 22. bxc5 Qxc1 23. Bxe4 Qxf1 24. Bh7 a5 25. Qg3 Rh8 26. Ng5 Be8 27. Bd3 Qd1 28. Be2 Qc1 29. f5 Nd4 30. Bg4 Qxg5 0-1


[Site "https://www.chess.com"]

[Event "Titled Tuesday Blitz March 21 Early 2023"]
[White "benny_aizenberg"]
[Black "Kosteniuk, Alexandra"]
[BlackFideId "4128125"]
[WhiteElo "2573"]
[BlackElo "2453"]
[Result "0-1"]
[Round "06"]
[TimeControl "180+2"]
[Date "2023.03.21"]
[WhiteClock "0:00:01"]
[BlackClock "0:00:05"]

1. e4 c6 2. d4 d5 3. e5 c5 4. dxc5 e6 5. Nf3 Bxc5 6. a3 f6 7. b4 Be7 8. Bb2 fxe5 9. Nxe5 Nf6 10. Bd3 O-O 11. Nd2 Nc6 12. Ndf3 a5 13. b5 Nxe5 14. Nxe5 Bc5 15. O-O Qb6 16. Qe2 a4 17. Kh1 Bd4 18. Bxd4 Qxd4 19. Rab1 Ne4 20. Bxe4 dxe4 21. Nc4 e5 22. Rbd1 Qc5 23. Qxe4 Bf5 24. Qd5+ Qxd5 25. Rxd5 Be6 26. Rc5 Rac8 27. Rxc8 Rxc8 28. Nxe5 Rxc2 29. Rd1 g6 30. h4 Rb2 31. Rd6 Bf5 32. Rb6 Rxf2 33. Rxb7 Be4 34. Rb8+ Kg7 35. Kh2 Rxg2+ 36. Kh3 Ra2 37. Nc4 Bd5 38. Nb6 Rxa3+ 39. Kg4 Be6+ 40. Kf4 Rb3 41. Ke5 Rxb5+ 42. Kxe6 a3 43. Kd7 a2 44. Ra8 Rxb6 45. Rxa2 Rb4 46. Rh2 Re4 47. h5 g5 48. Kd6 Kh6 49. Kd5 Re8 50. Kd4 g4 51. Rh4 Kg5 52. Rh1 g3 53. Kd3 Kg4 54. h6 g2 55. Ra1 Kg3 56. Ra7 Kh2 0-1


[Site "https://www.chess.com"]

[Event "Titled Tuesday Blitz March 21 Early 2023"]
[White "Hambleton, Aman"]
[Black "Ismagilov, Damir"]
[WhiteFideId "2606577"]
[BlackFideId "34199982"]
[WhiteElo "2511"]
[BlackElo "2078"]
[Result "0-1"]
[Round "06"]
[TimeControl "180+2"]
[Date "2023.03.21"]
[WhiteClock "0:00:01"]
[BlackClock "0:00:10"]

1. d4 Nf6 2. Bf4 d5 3. e3 c5 4. c3 Nc6 5. Nd2 e6 6. Ngf3 Bd6 7. Bg3 O-O 8. Bd3 b6 9. e4 Be7 10. e5 Nh5 11. Ng5 g6 12. Nxh7 cxd4 13. Nxf8 dxc3 14. bxc3 Bxf8 15. Nf3 Nxg3 16. hxg3 Bg7 17. Qe2 Qc7 18. O-O Nxe5 19. Nxe5 Bxe5 20. Rac1 Bxc3 21. Bxg6 fxg6 22. Qf3 Ba6 23. Rxc3 Qd6 24. Rfc1 Rf8 25. Qg4 Rf6 26. Rc6 Qe5 27. Rc7 Bd3 28. Kh2 Rxf2 29. Rxa7 Rf8 30. Rcc7 Qh8+ 31. Qh3 Qxh3+ 32. gxh3 Re8 33. Rg7+ Kh8 34. Rh7+ Kg8 35. Rhg7+ Kh8 36. Kg2 e5 37. Kf2 d4 38. Rh7+ Kg8 39. Rag7+ Kf8 40. Rf7+ Kg8 41. Rfg7+ Kf8 42. Rd7 Kg8 43. a4 Bf5 44. Rhg7+ Kh8 45. Rh7+ Kg8 46. Rdg7+ Kf8 47. Rb7 Kg8 48. g4 Bc2 49. Rbg7+ Kf8 50. Rc7 Kg8 51. Rhg7+ Kh8 52. Rh7+ Kg8 53. Rhe7 Rf8+ 54. Kg3 Rd8 55. Kh4 d3 56. Kg5 d2 57. Kh6 d1=Q 58. Rg7+ Kf8 0-1


[Site "https://www.chess.com"]

[Event "Titled Tuesday Blitz March 21 Early 2023"]
[White "Nefedov, Sergey"]
[Black "Aradhya, Garg"]
[WhiteFideId "24113417"]
[BlackFideId "25006746"]
[WhiteElo "2227"]
[BlackElo "2263"]
[Result "1-0"]
[Round "06"]
[TimeControl "180+2"]
[Date "2023.03.21"]
[WhiteClock "0:00:19"]
[BlackClock "0:00:49"]

1. d4 d5 2. Nf3 Nf6 3. Bf4 Bf5 4. e3 e6 5. c4 Bxb1 6. Qxb1 Bb4+ 7. Kd1 O-O 8. Bd3 c5 9. a3 Ba5 10. b4 dxc4 11. Bxc4 cxb4 12. axb4 Bc7 13. Bg3 Nc6 14. Ke2 a6 15. Rc1 Bxg3 16. hxg3 Qd6 17. b5 axb5 18. Bxb5 Nd5 19. Bxc6 bxc6 20. Ne5 Rab8 21. Qc2 Rfc8 22. Nxc6 g6 23. Qc5 Rb2+ 24. Kf3 Qd7 25. Ra7 Qe8 26. Ne7+ Qxe7 27. Rxe7 Rxc5 28. Re8+ Kg7 29. dxc5 h5 30. c6 g5 31. g4 hxg4+ 32. Kg3 Nc7 33. Rc8 Nd5 34. c7 Kf6 35. Rd8 Nxc7 36. Rxc7 Rb5 37. Rf8 Ke5 38. Rcxf7 Kd6 39. Kxg4 1-0


[Site "https://www.chess.com"]

[Event "Titled Tuesday Blitz March 21 Early 2023"]
[White "The_Sherman_Variation"]
[Black "Dehtiarov, Roman"]
[BlackFideId "14186640"]
[WhiteElo "2553"]
[BlackElo "2162"]
[Result "0-1"]
[Round "06"]
[TimeControl "180+2"]
[Date "2023.03.21"]
[WhiteClock "0:00:19"]
[BlackClock "0:00:04"]

1. g3 Nf6 2. Bg2 g6 3. Nf3 Bg7 4. O-O O-O 5. c4 c5 6. d3 Nc6 7. Nc3 e5 8. a3 d6 9. Rb1 a5 10. e4 h6 11. h3 Be6 12. Nd5 Nh7 13. Nh4 Bxd5 14. cxd5 Ne7 15. Be3 Qd7 16. g4 b5 17. Qd2 g5 18. Nf5 Ng6 19. h4 Nxh4 20. Nxh4 gxh4 21. f3 f6 22. Bxh6 Bxh6 23. Qxh6 Ng5 24. Qxh4 Kg7 25. Qg3 Rae8 26. Kf2 c4 27. dxc4 Qa7+ 28. Ke2 Rc8 29. Qf2 Qa6 30. Qe3 Rxc4 31. Kf2 Rc2+ 32. Kg3 Rfc8 33. Rh1 b4 34. Rh5 Kg6 35. Bf1 Qb7 36. Bd3 R2c7 37. Rbh1 Rg8 38. Rh6+ Kf7 39. axb4 Qxb4 40. Rh7+ Rg7 41. Rxg7+ Kxg7 42. Rh5 Kg6 43. Qe2 Rc1 44. Bb5 Qd4 45. Be8+ Kg7 46. Rh2 Qg1+ 47. Rg2 Qh1 48. Qd2 Qh3+ 49. Kf2 Qxf3# 0-1


[Site "https://www.chess.com"]

[Event "Titled Tuesday Blitz March 21 Early 2023"]
[White "Hernandez Gonzalez, William"]
[Black "Garv Gaur"]
[WhiteFideId "3509915"]
[BlackFideId "45030839"]
[WhiteElo "2374"]
[BlackElo "2068"]
[Result "1-0"]
[Round "06"]
[TimeControl "180+2"]
[Date "2023.03.21"]
[WhiteClock "0:00:07"]
[BlackClock "0:00:04"]

1. e4 g6 2. d4 Bg7 3. Nc3 d5 4. exd5 Nf6 5. Bc4 Nbd7 6. Qf3 Nb6 7. Bb5+ Bd7 8. Bxd7+ Qxd7 9. Nge2 Nbxd5 10. Nxd5 Qxd5 11. Qxd5 Nxd5 12. c3 O-O 13. O-O Rfe8 14. Nf4 c6 15. Nd3 Rad8 16. Re1 b6 17. Bg5 h6 18. Bh4 g5 19. Bg3 c5 20. dxc5 Nxc3 21. Nb4 Na4 22. c6 Bxb2 23. c7 Rc8 24. Nc6 Bxa1 25. Rxa1 e5 26. Bxe5 Rxe5 27. Nxe5 Rxc7 28. h4 Rc2 29. hxg5 hxg5 30. Rd1 Nc5 31. a3 Ra2 32. Nc4 b5 33. Rd5 bxc4 34. Rxg5+ Kh7 35. Rxc5 Rxa3 36. Rxc4 Kg6 37. Kh2 f6 38. f3 a5 39. Rc5 Ra2 40. Kg3 Kh6 41. Kh3 Kg6 42. g3 Rf2 43. f4 Ra2 44. Kg4 Ra3 45. Rc6 Kg7 46. Ra6 Kg6 47. Kh4 Ra1 48. g4 Rh1+ 49. Kg3 Rg1+ 50. Kf3 Rf1+ 51. Ke3 Rg1 52. g5 Re1+ 53. Kf2 Ra1 54. Rxf6+ Kh5 55. Kf3 a4 56. Ke4 a3 57. Kf5 Rb1 58. Rh6# 1-0


[Site "https://www.chess.com"]

[Event "Titled Tuesday Blitz March 21 Early 2023"]
[White "Basso, Pier Luigi"]
[Black "TimGrutter03"]
[WhiteFideId "866970"]
[WhiteElo "2438"]
[BlackElo "2549"]
[Result "1-0"]
[Round "06"]
[TimeControl "180+2"]
[Date "2023.03.21"]
[WhiteClock "0:02:15"]
[BlackClock "0:00:46"]

1. d4 Nf6 2. c4 g6 3. Nc3 Bg7 4. g3 O-O 5. Bg2 d6 6. Nf3 Nc6 7. d5 Na5 8. b3 c6 9. dxc6 Nxc6 10. Bb2 Bf5 11. O-O Ne4 12. Qc1 Nxc3 13. Bxc3 Bxc3 14. Qxc3 Qd7 15. Rad1 Bh3 16. Qe3 Bxg2 17. Kxg2 Qc7 18. h4 Qb6 19. Qh6 f6 20. Rd5 Nd8 21. h5 Nf7 22. Qf4 g5 23. Qf5 Qc6 24. Qe6 Rae8 25. Nd4 Qc8 26. f4 Kh8 27. Qxc8 Rxc8 28. Ne6 Rg8 29. fxg5 Nxg5 30. Nxg5 Rxg5 31. Rxg5 fxg5 32. Rf7 Rc7 33. h6 a6 34. Rf8# 1-0


[Site "https://www.chess.com"]

[Event "Titled Tuesday Blitz March 21 Early 2023"]
[White "Mindlin, Alon"]
[Black "Kuzmin, Roman"]
[WhiteFideId "2800071"]
[BlackFideId "44134932"]
[WhiteElo "2430"]
[BlackElo "2146"]
[Result "1-0"]
[Round "06"]
[TimeControl "180+2"]
[Date "2023.03.21"]
[WhiteClock "0:00:18"]
[BlackClock "0:00:01"]

1. d4 Nf6 2. c4 e6 3. Nf3 d5 4. Nc3 c6 5. Bg5 Nbd7 6. e3 Qa5 7. Nd2 dxc4 8. Bxf6 Nxf6 9. Nxc4 Qc7 10. Be2 Be7 11. Rc1 O-O 12. O-O Rd8 13. Qb3 Bd7 14. Bf3 Be8 15. Rfd1 Rac8 16. a4 b6 17. Ne5 c5 18. Nb5 Qb8 19. h3 a6 20. Nc3 cxd4 21. exd4 b5 22. axb5 axb5 23. Ne2 Qb6 24. Nc4 Qa7 25. Ne3 Qa4 26. Qd3 Qb4 27. b3 Rxc1 28. Rxc1 Bc5 29. Rd1 g6 30. Qc2 Bxd4 31. Qc7 Rd7 32. Qf4 Bc3 33. Qb8 Rxd1+ 34. Nxd1 Ba1 35. Qa7 Be5 36. Kf1 Qxb3 37. Ng3 Kg7 38. Qc5 Bxg3 39. fxg3 b4 40. Qe5 1-0


[Site "https://www.chess.com"]

[Event "Titled Tuesday Blitz March 21 Early 2023"]
[White "Villalba, Marcelo"]
[Black "Krysa, Leandro"]
[WhiteFideId "3701859"]
[BlackFideId "116807"]
[WhiteElo "2191"]
[BlackElo "2485"]
[Result "1/2-1/2"]
[Round "06"]
[TimeControl "180+2"]
[Date "2023.03.21"]
[WhiteClock "0:00:04"]
[BlackClock "0:00:04"]

1. e4 c5 2. Nf3 Nc6 3. Nc3 d6 4. d4 cxd4 5. Nxd4 Nf6 6. Nb3 g6 7. Be2 Bg7 8. O-O O-O 9. Bg5 Be6 10. Kh1 Rc8 11. f4 Na5 12. f5 Bc4 13. Bd3 b5 14. Qd2 b4 15. Nd1 Bxd3 16. cxd3 Nc6 17. Ne3 a5 18. Qf2 Ne5 19. Qe2 a4 20. Nd2 a3 21. b3 Rc3 22. d4 Nc6 23. Bxf6 Bxf6 24. Nd5 Nxd4 25. Nxf6+ exf6 26. Qf2 Nc2 27. Rac1 Ne3 28. Rxc3 Nxf1 29. Rd3 Nxd2 30. Qxd2 Qc7 31. Rxd6 Re8 32. fxg6 hxg6 33. Rd4 f5 34. exf5 Qc3 35. h3 Qg3 36. Rd8 Rxd8 37. Qxd8+ Kg7 38. Qd4+ Kh7 39. fxg6+ Qxg6 40. Qxb4 Qb1+ 41. Kh2 Qxa2 42. Qh4+ Kg6 43. Qg4+ Kf6 44. Qf4+ Kg6 45. Qg4+ Kf6 46. Qf4+ Ke6 47. Qe4+ Kd7 48. Qd5+ Ke7 49. Qe5+ Kf8 50. Qh8+ Ke7 51. Qe5+ Kd7 52. Qd5+ Kc7 53. Qc5+ Kb7 54. Qb5+ Kc8 55. Qe8+ Kc7 56. Qxf7+ Kd6 57. Qf6+ Kd5 58. Qf5+ Kd4 59. Qf4+ Kc3 60. Qc4+ Kb2 61. h4 Qxb3 62. Qe2+ Qc2 63. Qb5+ Qb3 64. Qe2+ Kb1 65. Qe1+ Kb2 66. Qd2+ Qc2 67. Qb4+ Ka2 68. h5 Qc7+ 69. Kh3 Qd7+ 70. g4 Qd3+ 71. Kh4 Qb1 72. Qc4+ Qb3 73. Qe2+ Qb2 74. Qc4+ Kb1 75. Qf1+ Qc1 76. Qb5+ Qb2 77. Qd3+ Kc1 78. Qf1+ Kc2 79. Qe2+ Kb1 80. Qd1+ Qc1 81. Qb3+ Qb2 82. Qd1+ Qc1 83. Qb3+ Qb2 84. Qd1+ 1/2-1/2


[Site "https://www.chess.com"]

[Event "Titled Tuesday Blitz March 21 Early 2023"]
[White "Santos Flores, Alberto"]
[Black "Manukyan, Sargis A."]
[WhiteFideId "3601234"]
[BlackFideId "13303970"]
[WhiteElo "2235"]
[BlackElo "2187"]
[Result "1-0"]
[Round "06"]
[TimeControl "180+2"]
[Date "2023.03.21"]
[WhiteClock "0:00:53"]
[BlackClock "0:01:11"]

1. e4 c5 2. Nf3 d6 3. Bb5+ Bd7 4. Bxd7+ Qxd7 5. c4 Nc6 6. Nc3 Nf6 7. d4 cxd4 8. Nxd4 g6 9. f3 Bg7 10. Be3 O-O 11. b3 Qd8 12. O-O Nd7 13. Qd2 Nxd4 14. Bxd4 Bxd4+ 15. Qxd4 Qb6 16. Qxb6 Nxb6 17. Nd5 Nxd5 18. cxd5 Rfc8 19. Rfc1 Kg7 20. Kf2 f5 21. exf5 gxf5 22. f4 Kf6 23. g3 h5 24. Kf3 h4 25. gxh4 Rh8 26. Rc7 Rxh4 27. Re1 Rh3+ 28. Kg2 Rah8 29. Re6+ Kf7 30. Rcxe7+ Kf8 31. Re8+ Kf7 32. Rxh8 Rxh8 33. Rxd6 Ke7 34. Re6+ Kd7 35. Rf6 Rh5 36. Rf7+ Kd6 37. Rxb7 Kxd5 38. Rxa7 Ke4 39. Kg3 Rh8 40. Re7+ Kd4 41. Re5 Rg8+ 42. Kf3 Rh8 43. Rxf5 Rxh2 44. a4 Rh3+ 45. Kg4 Rxb3 46. Re5 Ra3 47. a5 Ra1 48. Kg5 Rg1+ 49. Kf6 Rh1 50. Rg5 Ke4 51. f5 Ra1 52. Rg4+ Kd5 53. Kg7 Rxa5 54. f6 Ra7+ 55. f7 Ke5 56. Kg8 Kf5 57. Rg1 Ra6 58. f8=Q+ Ke5 59. Qe8+ Kd5 60. Rg5+ Kd6 61. Rg6+ Kc7 62. Rxa6 1-0


[Site "https://www.chess.com"]

[Event "Titled Tuesday Blitz March 21 Early 2023"]
[White "Ben Artzi, Ido"]
[Black "Perez Gormaz, Matias"]
[WhiteFideId "2810913"]
[BlackFideId "3406342"]
[WhiteElo "2204"]
[BlackElo "2362"]
[Result "1-0"]
[Round "06"]
[TimeControl "180+2"]
[Date "2023.03.21"]
[WhiteClock "0:00:11"]
[BlackClock "0:00:03"]

1. d4 d5 2. c4 e6 3. Nc3 a6 4. cxd5 exd5 5. Nf3 Nf6 6. Bg5 Be6 7. e3 Nbd7 8. Bd3 c6 9. O-O Bd6 10. Qc2 h6 11. Bh4 O-O 12. Bh7+ Kh8 13. Bf5 Re8 14. Rfe1 Qb8 15. Ne2 Ne4 16. Bxe4 dxe4 17. Qxe4 Bxa2 18. Qd3 Bd5 19. Ng3 Bxf3 20. gxf3 g5 21. Bxg5 hxg5 22. Qf5 Qd8 23. Ne4 Be7 24. Qxf7 Rf8 25. Qh5+ Kg7 26. Kh1 Rh8 27. Qg4 Rh4 28. Qf5 Qf8 29. Ng3 Rd8 30. Rg1 Kh6 31. Qe6+ Kh7 32. Nf5 Bf6 33. Nxh4 gxh4 34. Qf5+ Kh8 35. Qh5+ 1-0


[Site "https://www.chess.com"]

[Event "Titled Tuesday Blitz March 21 Early 2023"]
[White "Liyanage, Ranindu Dilshan"]
[Black "cryptoguru02"]
[WhiteFideId "9915834"]
[WhiteElo "2199"]
[BlackElo "2458"]
[Result "1-0"]
[Round "06"]
[TimeControl "180+2"]
[Date "2023.03.21"]
[WhiteClock "0:00:53"]
[BlackClock "0:00:02"]

1. e4 e5 2. Nc3 Nf6 3. Bc4 Nxe4 4. Qh5 Nd6 5. Qxe5+ Qe7 6. Qxe7+ Bxe7 7. Bb3 c6 8. Nf3 Nf5 9. d4 d5 10. Bf4 h5 11. O-O-O f6 12. h4 Be6 13. Rhe1 Kf7 14. Re2 Bd6 15. Bd2 Nd7 16. Rde1 Rhe8 17. Nd1 Nb6 18. c3 Nc4 19. Bc2 Bd7 20. Bd3 b5 21. b3 Nb6 22. Ne3 Nxe3 23. Bxe3 Re7 24. Bd2 Rae8 25. Rxe7+ Rxe7 26. Rxe7+ Bxe7 27. Bf4 Bg4 28. Nd2 Nc8 29. Nf1 Bd6 30. Bd2 Be6 31. Ne3 Ne7 32. a4 a6 33. c4 dxc4 34. bxc4 bxc4 35. Nxc4 Bc7 36. a5 Nd5 37. Ne3 Bc8 38. Bc4 Ke6 39. Kc2 Bd6 40. Kd3 Bc7 41. Ke4 1-0


[Site "https://www.chess.com"]

[Event "Titled Tuesday Blitz March 21 Early 2023"]
[White "Preotu, Razvan"]
[Black "Begunov, Konstantin"]
[WhiteFideId "2613280"]
[BlackFideId "4118510"]
[WhiteElo "2407"]
[BlackElo "2079"]
[Result "1-0"]
[Round "06"]
[TimeControl "180+2"]
[Date "2023.03.21"]
[WhiteClock "0:00:13"]
[BlackClock "0:00:01"]

1. e4 c5 2. Nf3 d6 3. d4 cxd4 4. Nxd4 Nf6 5. Nc3 a6 6. Be3 Ng4 7. Bg5 Nc6 8. Nxc6 bxc6 9. Be2 Nf6 10. Qd3 e5 11. O-O-O Be7 12. f4 O-O 13. fxe5 dxe5 14. Qg3 Qc7 15. Rhf1 Kh8 16. Qh4 Ng8 17. Bc4 Bxg5+ 18. Qxg5 f6 19. Qh4 Qe7 20. Qf2 Nh6 21. Qd2 Bg4 22. Qd6 Qb7 23. Rd2 Nf7 24. Qc5 Ng5 25. h3 Be6 26. Rfd1 Bxc4 27. Qxc4 Rab8 28. b3 Qb4 29. Qxb4 Rxb4 30. Rd8 Kg8 31. a3 Rb7 32. R8d6 Rc7 33. h4 Nf7 34. Rd7 Rfc8 35. Na4 a5 36. Nb6 Rxd7 37. Rxd7 Rb8 38. Nc4 h5 39. Nxa5 c5 40. Nb7 Rc8 41. Rxf7 Rb8 42. Rc7 Kf8 43. Nd6 Kg8 44. Rxc5 1-0


[Site "https://www.chess.com"]

[Event "Titled Tuesday Blitz March 21 Early 2023"]
[White "Bronstein, Or"]
[Black "Carrasco Miranda, Andres"]
[WhiteFideId "2815770"]
[BlackFideId "3405990"]
[WhiteElo "2356"]
[BlackElo "2183"]
[Result "1-0"]
[Round "06"]
[TimeControl "180+2"]
[Date "2023.03.21"]
[WhiteClock "0:00:51"]
[BlackClock "0:00:04"]

1. Nf3 Nf6 2. c4 g6 3. Nc3 Bg7 4. e4 e5 5. Be2 O-O 6. Nxe5 Re8 7. f4 d6 8. Nf3 Nxe4 9. O-O Na6 10. d4 Nxc3 11. bxc3 Bf5 12. Bd3 Bxd3 13. Qxd3 c5 14. Rb1 b6 15. f5 Qd7 16. Ng5 Nc7 17. Qh3 h6 18. fxg6 f5 19. Nf7 cxd4 20. Bxh6 Re2 21. Bxg7 Kxg7 22. Qh6+ Kf6 23. Ng5 Qg7 24. Nh7+ 1-0


[Site "https://www.chess.com"]

[Event "Titled Tuesday Blitz March 21 Early 2023"]
[White "Korchmar, Vasiliy"]
[Black "Rios Escobar, Adan"]
[WhiteFideId "24131750"]
[BlackFideId "3403645"]
[WhiteElo "2370"]
[BlackElo "2408"]
[Result "0-1"]
[Round "06"]
[TimeControl "180+2"]
[Date "2023.03.21"]
[WhiteClock "0:00:08"]
[BlackClock "0:00:03"]

1. e4 c5 2. Nf3 d6 3. d4 cxd4 4. Nxd4 Nf6 5. Nc3 a6 6. Be2 e5 7. Nb3 Be6 8. O-O Nbd7 9. Be3 Be7 10. Qd3 Rc8 11. Nd5 Bxd5 12. exd5 Nb6 13. Na5 Nbxd5 14. Nxb7 Qc7 15. Qxa6 Nxe3 16. fxe3 O-O 17. Na5 Ra8 18. Qb7 Qxb7 19. Nxb7 Rfb8 20. Bb5 Ra7 21. Bc6 Ra6 22. Bb5 Rb6 23. Nxd6 Bxd6 24. a4 Bc5 25. Rf3 e4 26. Rg3 Nd5 27. Kf2 Rf6+ 28. Ke2 Nb4 29. Rg5 Bxe3 30. Re5 Nxc2 31. Ra2 Rf2+ 32. Kd1 Rd8+ 0-1


[Site "https://www.chess.com"]

[Event "Titled Tuesday Blitz March 21 Early 2023"]
[White "Klepikov, Nikita"]
[Black "Salimova, Nurgyul"]
[WhiteFideId "24145220"]
[BlackFideId "2915138"]
[WhiteElo "2025"]
[BlackElo "2314"]
[Result "0-1"]
[Round "06"]
[TimeControl "180+2"]
[Date "2023.03.21"]
[WhiteClock "0:00:04"]
[BlackClock "0:01:45"]

1. e4 c6 2. d4 d5 3. Nd2 dxe4 4. Nxe4 Nf6 5. Nxf6+ exf6 6. c3 Bd6 7. Bd3 O-O 8. Qc2 Re8+ 9. Ne2 h5 10. h3 Nd7 11. Be3 b5 12. O-O-O Nb6 13. Kb1 a5 14. g4 h4 15. g5 fxg5 16. Bxg5 Qxg5 17. Rhg1 Qf6 18. f4 Bxh3 19. Rg5 Bxf4 20. Nxf4 Qxf4 21. Rdg1 Re1+ 22. Rxe1 Qxg5 23. Qh2 Qg3 24. Qe2 Be6 25. Kc2 g6 26. Kc1 h3 27. Be4 Nd5 28. Rf1 Qe3+ 0-1


[Site "https://www.chess.com"]

[Event "Titled Tuesday Blitz March 21 Early 2023"]
[White "Matinian, Nikita"]
[Black "Lorenzo De La Riva, Lazaro"]
[WhiteFideId "24129100"]
[BlackFideId "2268809"]
[WhiteElo "2422"]
[BlackElo "2294"]
[Result "1-0"]
[Round "06"]
[TimeControl "180+2"]
[Date "2023.03.21"]
[WhiteClock "0:00:15"]
[BlackClock "0:00:05"]

1. e4 c5 2. Nf3 Nc6 3. Bb5 e5 4. Nc3 Nge7 5. O-O g6 6. d3 Bg7 7. Nd5 O-O 8. a4 d6 9. c3 h6 10. Re1 Be6 11. Bc4 Kh7 12. Be3 a6 13. d4 exd4 14. cxd4 b6 15. Nxe7 Nxe7 16. d5 Bd7 17. Qd2 b5 18. Bf1 f5 19. e5 dxe5 20. Bxc5 e4 21. axb5 axb5 22. Rxa8 Qxa8 23. Bxe7 Re8 24. Ng5+ hxg5 25. Bxg5 Qa2 26. Re2 Re5 27. h4 Rxd5 28. Qc2 Qc4 29. g3 Qxc2 30. Rxc2 Rd1 31. Kg2 b4 32. Rc7 Kg8 33. Bc4+ Kf8 34. Be3 Ke7 35. Bb3 Be5 36. Bg5+ Kd6 37. Rxd7+ Kxd7 38. Bxd1 Ke6 39. b3 Kd5 40. Be2 Kd4 41. Bc4 Kc3 42. Bf7 e3 43. Bxe3 Kd3 44. Bxg6 Kc3 45. Bxf5 1-0


[Site "https://www.chess.com"]

[Event "Titled Tuesday Blitz March 21 Early 2023"]
[White "Delorme, Alban"]
[Black "Chernobay, Artem"]
[WhiteFideId "623636"]
[BlackFideId "4167406"]
[WhiteElo "2196"]
[BlackElo "2474"]
[Result "0-1"]
[Round "06"]
[TimeControl "180+2"]
[Date "2023.03.21"]
[WhiteClock "0:00:02"]
[BlackClock "0:00:32"]

1. e4 c5 2. Nf3 e6 3. d4 cxd4 4. Nxd4 Nf6 5. Nc3 Nc6 6. Ndb5 d6 7. Bf4 e5 8. Bg5 a6 9. Bxf6 gxf6 10. Na3 b5 11. Nd5 Bg7 12. c3 Ne7 13. Nxe7 Qxe7 14. Nc2 f5 15. exf5 Bxf5 16. Ne3 Be6 17. Qf3 Rc8 18. Bd3 Qg5 19. O-O O-O 20. Bf5 d5 21. Rad1 d4 22. cxd4 exd4 23. Nd5 Rc5 24. Be4 Bxd5 25. b4 Bxe4 26. Qxe4 Rc4 27. Qb7 Rxb4 28. Qxa6 h5 29. Qc6 Rb2 30. a4 bxa4 31. Qxa4 h4 32. h3 Be5 33. Qa1 Rfb8 34. Qc1 Qxc1 35. Rxc1 d3 36. Rcd1 d2 37. f4 Bd4+ 38. Kh2 Be3 39. Rf3 R8b3 40. g3 Rb1 41. Rxe3 Rxd1 42. Rxb3 Rh1+ 43. Kxh1 d1=Q+ 44. Kg2 Qxb3 0-1


[Site "https://www.chess.com"]

[Event "Titled Tuesday Blitz March 21 Early 2023"]
[White "Rozman, Levy"]
[Black "Lwanga, Aguda"]
[WhiteFideId "2039877"]
[BlackFideId "10801529"]
[WhiteElo "2376"]
[BlackElo "1475"]
[Result "1-0"]
[Round "06"]
[TimeControl "180+2"]
[Date "2023.03.21"]
[WhiteClock "0:01:32"]
[BlackClock "0:00:02"]

1. e4 e5 2. Nc3 Nc6 3. Bc4 Bc5 4. Qg4 Qf6 5. Nd5 Qxf2+ 6. Kd1 Kf8 7. Nh3 Qd4 8. d3 Nf6 9. Qf3 Be7 10. c3 Qc5 11. b4 Qd6 12. Rf1 a5 13. b5 Nd8 14. a4 Nxd5 15. Bxd5 Qf6 16. Qe2 Qg6 17. Ng1 d6 18. Nf3 Bg4 19. h3 Bxf3 20. Rxf3 c6 21. Bc4 f6 22. Rb1 Nf7 23. Be3 d5 24. exd5 e4 25. Rf4 exd3 26. Bxd3 cxd5 1-0


[Site "https://www.chess.com"]

[Event "Titled Tuesday Blitz March 21 Early 2023"]
[White "Vakhlamov, Igor L."]
[Black "Ordekalog"]
[WhiteFideId "24126748"]
[WhiteElo "2400"]
[BlackElo "2580"]
[Result "1-0"]
[Round "06"]
[TimeControl "180+2"]
[Date "2023.03.21"]
[WhiteClock "0:00:27"]
[BlackClock "0:00:16"]

1. e4 d5 2. exd5 Qxd5 3. Nc3 Qa5 4. d4 Nf6 5. Nf3 Bg4 6. h3 Bh5 7. g4 Bg6 8. Ne5 Nbd7 9. Qe2 O-O-O 10. Bg2 Nxe5 11. dxe5 Nd5 12. O-O e6 13. Nxd5 exd5 14. Bd2 Qb6 15. a4 h5 16. a5 Qe6 17. a6 b6 18. c4 Be4 19. Bxe4 dxe4 20. Qxe4 Rxd2 21. Rad1 Qh6 22. Qf3 hxg4 23. Qxg4+ Kb8 24. Rxd2 Qxd2 25. Rd1 Qxd1+ 26. Qxd1 Bc5 27. Qd5 1-0


[Site "https://www.chess.com"]

[Event "Titled Tuesday Blitz March 21 Early 2023"]
[White "Bodnaruk, Anastasia"]
[Black "Mikhailovsky, Vladimir"]
[WhiteFideId "4181751"]
[BlackFideId "34105414"]
[WhiteElo "2310"]
[BlackElo "2293"]
[Result "0-1"]
[Round "06"]
[TimeControl "180+2"]
[Date "2023.03.21"]
[WhiteClock "0:00:03"]
[BlackClock "0:00:09"]

1. e4 e5 2. Nf3 d5 3. Nxe5 Bd6 4. d4 dxe4 5. f4 exf3 6. Qxf3 Bxe5 7. dxe5 Nc6 8. Bb5 Ne7 9. O-O O-O 10. Rd1 Qe8 11. Nc3 Nxe5 12. Qg3 Nf5 13. Bxe8 Nxg3 14. Ba4 Nh5 15. Nd5 c6 16. Ne7+ Kh8 17. Nxc8 Raxc8 18. Bb3 Rcd8 19. Be3 b6 20. a4 Ng4 21. Bg5 f6 22. Bh4 Nf4 23. h3 Ne3 24. Rxd8 Rxd8 25. Bf2 Nexg2 26. a5 g6 27. axb6 axb6 28. Bxb6 Rd2 29. Bf2 Nxh3+ 30. Kxg2 Nxf2 31. Kf3 Nd1 32. Ra8+ Kg7 33. Ra7+ Kh6 34. Bg8 Kg5 35. Rxh7 Rxc2 36. b4 Rb2 37. Rb7 Nc3 38. Be6 f5 39. Bd7 Nd5 40. Bxc6 Nxb4 41. Be8 Nd3 42. Rd7 Ne5+ 43. Ke3 Nxd7 0-1


[Site "https://www.chess.com"]

[Event "Titled Tuesday Blitz March 21 Early 2023"]
[White "djokovic74"]
[Black "Vaishali, Rameshbabu"]
[BlackFideId "5091756"]
[WhiteElo "2565"]
[BlackElo "2410"]
[Result "1-0"]
[Round "06"]
[TimeControl "180+2"]
[Date "2023.03.21"]
[WhiteClock "0:00:04"]
[BlackClock "0:00:01"]

1. c4 e5 2. Nc3 Nf6 3. Nf3 Nc6 4. g3 d5 5. cxd5 Nxd5 6. Bg2 Nb6 7. O-O Be7 8. b3 O-O 9. Bb2 Be6 10. Rc1 f5 11. e4 f4 12. Ne2 Bf6 13. d4 fxg3 14. hxg3 exd4 15. Nfxd4 Bg4 16. f3 Bd7 17. Nxc6 Bxc6 18. Nd4 Qe8 19. Qe2 Qg6 20. Nxc6 bxc6 21. Bxf6 Rxf6 22. Qf2 Re8 23. f4 Rxe4 24. Bxe4 Qxe4 25. Rfe1 Qg6 26. Rc3 h5 27. Rce3 Nd5 28. Re8+ Kh7 29. Kh2 h4 30. R1e5 Qh6 31. Rg5 hxg3+ 32. Kxg3 Nxf4 33. Qh2 Ng6 34. Qxh6+ gxh6 35. Rg4 Rf7 36. Ra4 h5 37. Rxa7 h4+ 38. Kh2 Kh6 39. Ra5 1-0


[Site "https://www.chess.com"]

[Event "Titled Tuesday Blitz March 21 Early 2023"]
[White "Fernandez Guillen, Ernesto J."]
[Black "Raahul V S"]
[WhiteFideId "3512428"]
[BlackFideId "25035525"]
[WhiteElo "2423"]
[BlackElo "2168"]
[Result "0-1"]
[Round "06"]
[TimeControl "180+2"]
[Date "2023.03.21"]
[WhiteClock "0:00:09"]
[BlackClock "0:00:22"]

1. e4 e5 2. Nf3 Nc6 3. d4 exd4 4. Bc4 Nf6 5. O-O Nxe4 6. Re1 d5 7. Bxd5 Qxd5 8. Nc3 Qa5 9. Nxe4 Be6 10. Bd2 Qb6 11. Bg5 Bc5 12. a3 h6 13. Bh4 a5 14. b4 Bd6 15. b5 Qxb5 16. Rb1 Qd5 17. Qd3 O-O 18. Rb5 Qc4 19. Nxd6 cxd6 20. Rxb7 Rab8 21. Rc7 Qxd3 22. cxd3 Ne5 23. Nxd4 Nxd3 24. Nxe6 Nxe1 25. Nxf8 Rb1 26. f4 Nd3+ 0-1


[Site "https://www.chess.com"]